 Dungeon Crawl Stone Soup version 0.20-a0-301-g264e157 (webtiles) character file.

1087 Hercules the Martial Artist (level 8, -1/61 HPs)
             Began as a Demonspawn Monk on Dec 16, 2016.
             Was a Believer of Qazlal.
             Slain by Duvessa
             ... wielding a +3 rapier
              (7 damage)
             ... on level 4 of the Dungeon.
             The game lasted 00:08:49 (4993 turns).

Hercules the Martial Artist (Demonspawn Monk)       Turns: 4993, Time: 00:08:49

Health: -1/61      AC:  4    Str: 14    XL:     8   Next: 9%
Magic:  9/9        EV: 15    Int: 11    God:    Qazlal [**....]
Gold:   215        SH:  3    Dex: 16    Spells: 7/7 levels left

rFire  . . .     SeeInvis .       - Unarmed
rCold  . . .     Gourm    .     a - +0 robe
rNeg   . . .     Faith    .     (no shield)
rPois  .         Spirit   .     l - +1 helmet
rElec  .         Reflect  .     (no cloak)
rCorr  +         Harm     .     (no gloves)
MR     .....                    (no boots)
Stlth  ++........               (no amulet)
                                (no ring)
                                h - ring of resist corrosion

@: no status effects
A: claws 1, nightstalker 1, sturdy frame 1
a: Upheaval, Renounce Religion


You were on level 4 of the Dungeon.
You worshipped Qazlal.
Qazlal was pleased with you.
You were not hungry.

You visited 1 branch of the dungeon, and saw 5 of its levels.

You collected 215 gold pieces.

Inventory:

Armour
 a - a +0 robe (worn)
 l - a +1 helmet (worn)
Jewellery
 h - a ring of resist corrosion (left claw)
Scrolls
 e - a scroll of blinking
 g - 2 scrolls of amnesia
 j - 3 scrolls of remove curse
 m - 3 scrolls of identify
 q - a scroll of immolation {unknown}
Potions
 c - 2 potions of agility {unknown}
 d - a potion of heal wounds
 f - 5 potions of curing
 i - a potion of cancellation
 o - 2 potions of mutation {unknown}
 r - 2 potions of flight {unknown}
 s - a potion of resistance {unknown}
Comestibles
 b - 10 bread rations
 k - 6 fruits
 n - 2 meat rations


   Skills:
 + Level 4.9 Fighting
 + Level 4.6 Dodging
 - Level 1.7 Stealth
 - Level 11.3 Unarmed Combat
 - Level 1.3 Invocations


You had 7 spell levels left.
You didn't know any spells.

Dungeon Overview and Level Annotations

Branches:
Dungeon (5/15)
 Temple: D:4-7

Altars:
Dithmenos
Qazlal
Sif Muna
Uskayaw

Shops:
D:4 [

Annotations:
D:4 Duvessa
D:5 Eustachio


Innate Abilities, Weirdness & Mutations

You have sharp fingernails.
You are slightly more attuned to the shadows.
Your movements are slightly less encumbered by armour. (ER -2)


Message History

You see here a short sword.
Duvessa hits you but does no damage.
You scratch Duvessa.
Duvessa is severely wounded.
Duvessa hits you with an enchanted rapier!
* * * LOW HITPOINT WARNING * * *
You are too injured to fight recklessly!
You feel much better.
Duvessa hits you with an enchanted rapier!
Duvessa barely misses you.
You scratch Duvessa but do no damage.
Duvessa is severely wounded.
Duvessa barely misses you.
You scratch Duvessa.
Duvessa is almost dead.
Duvessa hits you with an enchanted rapier!!
* * * LOW HITPOINT WARNING * * *
Duvessa is engulfed in roaring flames.
Duvessa hits you with an enchanted rapier!
You die...

#.....# ####.....#########
...#.............#
##.#.....#######.#
#.#.....# #.#
#.###.#########.#
#..>............#
#..##.########..# #..##.#
#.@# #..##.# #.e#
#..##.#### #..# #........#
#..#
##.#####.#####.)####### #.#
#.......)><....#
###.###########.###.##.####
................###.......#
###.#####............####.#


You could see Duvessa (berserk).

Vanquished Creatures
  Prince Ribbit (D:5)
  The ghost of Junicave the Digger, an amateur GrEE (D:3)
  A phantom (D:4)
  A centaur (D:5)
  Dowan (D:4)
  A scorpion (D:4)
  A howler monkey (D:4)
  A crimson imp (D:5)
  A hound (D:5)
  An orc priest (D:4)
  An iguana (D:5)
  2 orc wizards (D:4)
  2 worker ants (D:4)
  4 adders
  3 gnolls (D:5)
  An ooze (D:2)
  An adder skeleton (D:5)
  5 worms
  2 dart slugs
  A leopard gecko (D:3)
  14 orcs
  9 bats
  4 giant cockroaches
  7 goblins
  8 hobgoblins
  2 jackals (D:2)
  A quokka (D:3)
  2 ball pythons (D:2)
  5 frilled lizards
  12 kobolds
  A leopard gecko skeleton (D:3)
  7 rats
104 creatures vanquished.

Notes
Turn   | Place    | Note
-------+----------+-------------------------------------------
     0 | D:1      | Hercules the Demonspawn Monk began the quest for the Orb.
     0 | D:1      | Reached XP level 1. HP: 18/18 MP: 1/1
    93 | D:1      | Reached skill level 3 in Unarmed Combat
   218 | D:1      | Gained mutation: You have sharp fingernails. [demonic ancestry]
   218 | D:1      | Reached XP level 2. HP: 20/24 MP: 2/2
  1278 | D:2      | Reached XP level 3. HP: 29/29 MP: 3/3
  1333 | D:2      | Reached skill level 4 in Unarmed Combat
  2021 | D:3      | Noticed Junicave's ghost (amateur GrEE)
  2111 | D:3      | Gained mutation: Your movements are slightly less encumbered by armour. (ER -2) [demonic ancestry]
  2111 | D:3      | Reached XP level 4. HP: 31/35 MP: 4/4
  2183 | D:3      | Found a shadowy altar of Dithmenos.
  2184 | D:3      | Found a deep blue altar of Sif Muna.
  2781 | D:3      | Reached skill level 11 in Unarmed Combat
  2781 | D:3      | Reached XP level 5. HP: 41/41 MP: 5/5
  2863 | D:3      | Killed Junicave's ghost
  2863 | D:3      | Reached XP level 6. HP: 18/47 MP: 6/6
  3620 | D:3      | Found a stormy altar of Qazlal.
  3620 | D:3      | Found a hide-covered altar of Uskayaw.
  3636 | D:3      | Became a worshipper of Qazlal Stormbringer
  3636 | D:3      | Reached * piety under Qazlal
  3636 | D:3      | Reached ** piety under Qazlal
  4142 | D:4      | Gained mutation: You are slightly more attuned to the shadows. [demonic ancestry]
  4142 | D:4      | Reached XP level 7. HP: 29/53 MP: 7/7
  4360 | D:4      | Found Peemed's Antique Armour Boutique.
  4442 | D:4      | Reached skill level 1 in Invocations
  4493 | D:5      | Entered Level 5 of the Dungeon
  4741 | D:5      | Noticed Prince Ribbit
  4746 | D:5      | Killed Prince Ribbit
  4749 | D:5      | Noticed Duvessa
  4759 | D:5      | Noticed Dowan
  4767 | D:5      | Noticed Eustachio
  4866 | D:4      | Reached XP level 8. HP: 44/61 MP: 9/9
  4978 | D:4      | Killed Dowan
  4993 | D:4      | Slain by Duvessa

Vault maps used:
D:1:      scummos_arrival_forest
D:2:      kennysheep_generic_room_13
D:3:      nicolae_overflow_hidden_temple, first_bread
D:4:      corexii_shack_village, serial_shops, nicolae_shop_trees
D:5:      uniq_prince_ribbit1, uniq_eustachio, uniq_duvessa

Skill      XL: |  1  2  3  4  5  6  7 |
---------------+----------------------+-----
Unarmed Combat | 3 4 11 | 11.3
Dodging        | 3 4 |  4.6
Invocations    | 1 |  1.3
Fighting       | 4 |  4.9
Stealth        | |  1.7

Action                   |  1- 3 |  4- 6 |  7- 9 || total
-------------------------+-------+-------+-------++-------
Melee: Unarmed           |   149 |   105 |    63 ||   317
       Punch             |     4 |     4 |     2 ||    10
  Use: Potion            |     2 |     1 |     1 ||     4
       Scroll            |     4 |     2 |       ||     6
 Stab: Sleeping          |     6 |     4 |       ||    10
       Distracted        |       |     1 |       ||     1
  Eat: Chunk             |     3 |     7 |     3 ||    13
Armor: Robe              |    12 |     6 |     8 ||    26
Dodge: Dodged            |    76 |    42 |    48 ||   166
Block: Other             |       |     4 |     8 ||    12
